TOP OF THE 1ST |
Los Angeles Dodgers batting - Pitching for Atlanta Braves : RHP Alan Knicely
|
Pitching: RHP Alan Knicely
|
|
Batting: RHB Billy Sample
|
0-0: Called Strike 0-1: Fly out, F8 (Flyball, 8LS, EV 86.3 MPH)
|
Batting: RHB Carney Lansford
|
0-0: Called Strike 0-1: Ball 1-1: Foul Ball, location: 2F 1-2: SINGLE (Groundball, 6MS, EV 68.1 MPH) (infield hit)
|
Batting: RHB Jerry Keller
|
0-0: Ball 1-0: Ball 2-0: Ball 3-0: Called Strike 3-1: Foul Ball, location: 2F 3-2: Foul Ball, location: 2F 3-2: Foul Ball, location: 2F 3-2: Base on Balls Carney Lansford to second
|
Batting: RHB Dick Davis
|
0-0: Swinging Strike 0-1: Ball 1-1: Ball 2-1: SINGLE (Groundball, 56D, EV 110.6 MPH) Carney Lansford to third Jerry Keller to second Runner from 3rd tries for Home, SAFE, throw by LF to home
|
Batting: RHB Barry Evans
|
0-0: Foul Ball, location: 2F 0-1: Fly out, F6 (Popup, 6MS, EV 75.0 MPH)
|
Batting: LHB Darren Daulton
|
0-0: Ball 1-0: DOUBLE (Line Drive, 7LM, EV 92.5 MPH) Jerry Keller scores Dick Davis to third Runner from 3rd tries for Home, SAFE, no throw by LF
|
Batting: SHB Spike Owen
|
0-0: Ball 1-0: Foul Ball, location: 2F 1-1: Fly out, F7 (Flyball, 7, EV 88.1 MPH)
|
Top of the 1st over - 3 runs, 3 hits, 0 errors, 1 left on base; Los Angeles 3 - Atlanta 0 |
BOTTOM OF THE 1ST |
Atlanta Braves batting - Pitching for Los Angeles Dodgers : RHP Rick Rhoden
|
Pitching: RHP Rick Rhoden
|
|
Batting: SHB Tony Fernandez
|
0-0: Called Strike 0-1: Called Strike 0-2: Ball 1-2: SINGLE (Groundball, 3D, EV 106.3 MPH)
|
Batting: LHB Mike Hargrove
|
0-0: Ball 1-0: Ball 2-0: Fly out, F8 (Flyball, 78D, EV 96.9 MPH) Runner from 1st tags up, OUT at 2nd! 8-4
|
Batting: LHB Leon Durham
|
0-0: Called Strike 0-1: Ground out 5-3 (Groundball, 5, EV 92.5 MPH)
|
Bottom of the 1st over - 0 runs, 1 hit, 0 errors, 0 left on base; Los Angeles 3 - Atlanta 0 |
TOP OF THE 2ND |
Los Angeles Dodgers batting - Pitching for Atlanta Braves : RHP Alan Knicely
|
Batting: RHB Roberto Reyes
|
0-0: Called Strike 0-1: Ball 1-1: SINGLE (Groundball, 6MD, EV 93.8 MPH)
|
Batting: RHB Rick Rhoden
|
0-0: Sac Bunt to 15S - play at first, batter OUT! 1-4 Roberto Reyes to second
|
Batting: RHB Billy Sample
|
0-0: Foul Ball, location: 2F 0-1: Foul Ball, location: 2F 0-2: Foul Ball, location: 2F 0-2: Ball 1-2: Strikes out swinging
|
Batting: RHB Carney Lansford
|
0-0: Called Strike 0-1: Called Strike 0-2: Foul Ball, location: 2F 0-2: Ball 1-2: Foul Ball, location: 2F 1-2: Ball 2-2: Foul Ball, location: 2F 2-2: Ball 3-2: Foul Ball, location: 2F 3-2: Foul Ball, location: 2F 3-2: SINGLE (Flyball, 9S, EV 89.4 MPH) Roberto Reyes to third Roberto Reyes scores
|
Batting: RHB Jerry Keller
|
0-0: Ball 1-0: Called Strike 1-1: Called Strike 1-2: Foul Ball, location: 2F 1-2: Fly out, F8 (Flyball, 8LM, EV 98.1 MPH)
|
Top of the 2nd over - 1 run, 2 hits, 0 errors, 1 left on base; Los Angeles 4 - Atlanta 0 |
BOTTOM OF THE 2ND |
Atlanta Braves batting - Pitching for Los Angeles Dodgers : RHP Rick Rhoden
|
Batting: LHB Bobby Murcer
|
0-0: SOLO HOME RUN (Flyball, 9D, EV 91.3 MPH), Distance : 377 ft
|
Batting: LHB Mike Scioscia
|
0-0: Ground out U3 (Groundball, 34, EV 102.5 MPH)
|
Batting: RHB Craig Kusick
|
0-0: Foul Ball, location: 2F 0-1: Ball 1-1: Foul Ball, location: 2F 1-2: Ball 2-2: Foul Ball, location: 2F 2-2: Fly out, F8 (Flyball, 89S, EV 94.4 MPH)
|
Batting: LHB Joe L Morgan
|
0-0: Called Strike 0-1: Swinging Strike 0-2: Strikes out looking
|
Bottom of the 2nd over - 1 run, 1 hit, 0 errors, 0 left on base; Los Angeles 4 - Atlanta 1 |
TOP OF THE 3RD |
Los Angeles Dodgers batting - Pitching for Atlanta Braves : RHP Alan Knicely
|
Batting: RHB Dick Davis
|
0-0: Called Strike 0-1: Ball 1-1: Foul Ball, location: 2F 1-2: Fly out, F3 (Popup, 3L, EV 76.3 MPH)
|
Batting: RHB Barry Evans
|
0-0: Called Strike 0-1: Called Strike 0-2: Ball 1-2: Ball 2-2: Foul Ball, location: 2F 2-2: DOUBLE (Line Drive, 89XD, EV 101.9 MPH)
|
Batting: LHB Darren Daulton
|
0-0: Ball 1-0: Swinging Strike 1-1: Called Strike 1-2: Fly out, F7 (Flyball, 7LD, EV 101.3 MPH) Runner from 2nd tags up, SAFE at 3rd, no throw by LF
|
Batting: SHB Spike Owen
|
0-0: Ball 1-0: Foul Ball, location: 2F 1-1: Called Strike 1-2: Foul Ball, location: 2F 1-2: Ball 2-2: Ball 3-2: Foul Ball, location: 2F 3-2: Ground out 1-3 (Groundball, 25, EV 61.3 MPH)
|
Top of the 3rd over - 0 runs, 1 hit, 0 errors, 1 left on base; Los Angeles 4 - Atlanta 1 |
BOTTOM OF THE 3RD |
Atlanta Braves batting - Pitching for Los Angeles Dodgers : RHP Rick Rhoden
|
Batting: RHB Tom Veryzer
|
0-0: Ball 1-0: Ball 2-0: Foul Ball, location: 2F 2-1: Swinging Strike 2-2: Fly out, F9 (Flyball, 9LM, EV 98.1 MPH)
|
Batting: RHB Alan Knicely
|
0-0: Ball 1-0: Ball 2-0: SINGLE (Groundball, 56D, EV 95.0 MPH)
|
Batting: SHB Tony Fernandez
|
0-0: Ball 1-0: Ball 2-0: Swinging Strike 2-1: Called Strike 2-2: SINGLE (Line Drive, 34D, EV 99.4 MPH) Alan Knicely to second Runner from 2nd tries for 3rd, SAFE, no throw by RF
|
Batting: LHB Mike Hargrove
|
0-0: Called Strike 0-1: Foul Ball, location: 2F 0-2: Ball 1-2: SINGLE (Groundball, 4MD, EV 95.6 MPH) Alan Knicely scores Tony Fernandez to second Tony Fernandez to third
|
Batting: LHB Leon Durham
|
0-0: Called Strike 0-1: SINGLE (Groundball, 6D, EV 110.6 MPH) Tony Fernandez scores Mike Hargrove to second
|
Batting: LHB Bobby Murcer
|
0-0: Ball 1-0: Fielders Choice at 2nd, 6-4 (Groundball, 6S, EV 85.0 MPH) Mike Hargrove to third
|
Batting: LHB Mike Scioscia
|
0-0: Called Strike 0-1: Called Strike 0-2: Foul Ball, location: 2F 0-2: SINGLE (Groundball, 34, EV 100.6 MPH) Mike Hargrove scores Bobby Murcer to second Runner from 2nd tries for 3rd, SAFE, throw by RF made to third
|
Batting: RHB Craig Kusick
|
0-0: Called Strike 0-1: Foul Ball, location: 2F 0-2: Ball 1-2: Ball 2-2: Foul Ball, location: 2F 2-2: Ball 3-2: SINGLE (Line Drive, 8RS, EV 94.4 MPH) Bobby Murcer scores Mike Scioscia to second Mike Scioscia to third
|
Batting: LHB Joe L Morgan
|
0-0: Ball 1-0: Ball 2-0: Foul Ball, location: 2F 2-1: Swinging Strike 2-2: Ground out 2-3 (Groundball, 15S, EV 66.3 MPH)
|
Bottom of the 3rd over - 4 runs, 6 hits, 0 errors, 2 left on base; Los Angeles 4 - Atlanta 5 |
TOP OF THE 4TH |
Los Angeles Dodgers batting - Pitching for Atlanta Braves : RHP Alan Knicely
|
Batting: RHB Roberto Reyes
|
0-0: Fly out, F8 (Flyball, 78XD, EV 88.1 MPH)
|
Batting: RHB Rick Rhoden
|
0-0: Reached on error, E8 (Line Drive, 8RD, EV 88.8 MPH)
|
Batting: RHB Billy Sample
|
0-0: Ball 1-0: Foul Ball, location: 2F 1-1: Swinging Strike 1-2: Fly out, F5 (Popup, 5SF, EV 63.8 MPH)
|
Batting: RHB Carney Lansford
|
0-0: Called Strike 0-1: Ball 1-1: Foul Ball, location: 2F 1-2: 2-RUN HOME RUN (Flyball, 7D, EV 95.6 MPH), Distance : 388 ft
|
Batting: RHB Jerry Keller
|
0-0: Ball 1-0: Ball 2-0: Called Strike 2-1: Ball 3-1: Base on Balls
|
Batting: RHB Dick Davis
|
0-0: Ball 1-0: Called Strike 1-1: Fly out, F5 (Line Drive, 5, EV 70.0 MPH)
|
Top of the 4th over - 2 runs, 1 hit, 1 error, 1 left on base; Los Angeles 6 - Atlanta 5 |
BOTTOM OF THE 4TH |
Atlanta Braves batting - Pitching for Los Angeles Dodgers : RHP Rick Rhoden
|
Batting: RHB Tom Veryzer
|
0-0: Called Strike 0-1: Fly out, F7 (Flyball, 78D, EV 99.4 MPH)
|
Pinch Hitting: SHB UL Washington
|
0-0: Ball 1-0: SINGLE (Groundball, 6M, EV 105.0 MPH) (infield hit)
|
Batting: SHB Tony Fernandez
|
0-0: Hit by Pitch UL Washington to second
|
Batting: LHB Mike Hargrove
|
0-0: Ball 1-0: Foul Ball, location: 2F 1-1: Foul Ball, location: 2F 1-2: Ball 2-2: Ball 3-2: Foul Ball, location: 2F 3-2: Fly out, F4 (Popup, 34S, EV 76.3 MPH)
|
Batting: LHB Leon Durham
|
0-0: Ball 1-0: Called Strike 1-1: Ground out U3 (Groundball, 3, EV 86.3 MPH)
|
Bottom of the 4th over - 0 runs, 1 hit, 0 errors, 2 left on base; Los Angeles 6 - Atlanta 5 |
TOP OF THE 5TH |
Los Angeles Dodgers batting - Pitching for Atlanta Braves : RHP Alan Knicely
|
Pitching: RHP Migel Puente
|
|
Batting: RHB Barry Evans
|
0-0: Ball 1-0: Called Strike 1-1: Foul Ball, location: 2F 1-2: Ball 2-2: SINGLE (Line Drive, 8LS, EV 86.9 MPH)
|
Batting: LHB Darren Daulton
|
0-0: Ball Barry Evans steals 2nd base 1-0: Intentional Walk
|
Batting: SHB Spike Owen
|
0-0: DOUBLE (Line Drive, 8LD, EV 108.8 MPH) Barry Evans scores Darren Daulton to third
|
Batting: RHB Roberto Reyes
|
0-0: Intentional Walk
|
Batting: RHB Rick Rhoden
|
0-0: Foul Ball, location: 2F 0-1: Ball 1-1: Foul Ball, location: 2F 1-2: Grounds into fielders choice 5-2 (Groundball, 5S, EV 81.9 MPH) Spike Owen to third Roberto Reyes to second
|
Batting: RHB Billy Sample
|
0-0: SINGLE (Groundball, 34S, EV 67.5 MPH) (infield hit) Spike Owen scores Roberto Reyes to third Rick Rhoden to second
|
Batting: RHB Carney Lansford
|
0-0: Foul Ball, location: 2F 0-1: Swinging Strike 0-2: Grounds into fielders choice 5-2 (Groundball, 56S, EV 62.5 MPH) Rick Rhoden to third Billy Sample to second
|
Batting: RHB Jerry Keller
|
0-0: Swinging Strike 0-1: Called Strike 0-2: Foul Ball, location: 2F 0-2: Strikes out swinging
|
Top of the 5th over - 2 runs, 3 hits, 0 errors, 3 left on base; Los Angeles 8 - Atlanta 5 |
BOTTOM OF THE 5TH |
Atlanta Braves batting - Pitching for Los Angeles Dodgers : RHP Rick Rhoden
|
Batting: LHB Bobby Murcer
|
0-0: Ball 1-0: Ball 2-0: Ball 3-0: Base on Balls
|
Batting: LHB Mike Scioscia
|
0-0: Ball 1-0: Foul Ball, location: 2F 1-1: Ground out 5-3 (Groundball, 56S, EV 66.3 MPH) Bobby Murcer to second
|
Batting: RHB Craig Kusick
|
0-0: Ball 1-0: Ball 2-0: Called Strike 2-1: Foul Ball, location: 2F 2-2: Ball 3-2: Ground out U3 (Groundball, 3, EV 89.4 MPH) Bobby Murcer to third
|
Batting: LHB Joe L Morgan
|
0-0: Ball 1-0: Ball 2-0: Ball 3-0: Called Strike 3-1: Base on Balls
|
Batting: RHB Tom Veryzer
|
0-0: Ball 1-0: Swinging Strike 1-1: Ball 2-1: Swinging Strike 2-2: Foul Ball, location: 2F 2-2: Strikes out swinging
|
Bottom of the 5th over - 0 runs, 0 hits, 0 errors, 2 left on base; Los Angeles 8 - Atlanta 5 |
TOP OF THE 6TH |
Los Angeles Dodgers batting - Pitching for Atlanta Braves : RHP Migel Puente
|
Batting: RHB Dick Davis
|
0-0: SOLO HOME RUN (Flyball, 78XD, EV 91.3 MPH), Distance : 435 ft
|
Pitching: RHP Rick Sutcliffe
|
|
Batting: RHB Barry Evans
|
0-0: Foul Ball, location: 2F 0-1: Ground out 5-3 (Groundball, 5L, EV 91.3 MPH)
|
Batting: LHB Darren Daulton
|
0-0: SINGLE (Groundball, 25, EV 69.4 MPH) (infield hit)
|
Batting: SHB Spike Owen
|
0-0: Ball 1-0: SINGLE (Line Drive, 34D, EV 107.5 MPH) Darren Daulton to second
|
Batting: RHB Roberto Reyes
|
0-0: Called Strike 0-1: Ball 1-1: Ball 2-1: Fly out, F3 (Popup, 3F, EV 67.5 MPH)
|
Batting: RHB Rick Rhoden
|
0-0: Called Strike 0-1: Foul Ball, location: 2F 0-2: Fly out, F3 (Popup, 3SF, EV 66.3 MPH)
|
Top of the 6th over - 1 run, 3 hits, 0 errors, 2 left on base; Los Angeles 9 - Atlanta 5 |
BOTTOM OF THE 6TH |
Atlanta Braves batting - Pitching for Los Angeles Dodgers : RHP Rick Rhoden
|
Batting: LHB Rick Sutcliffe
|
0-0: Called Strike 0-1: Called Strike 0-2: Strikes out swinging
|
Batting: SHB Tony Fernandez
|
0-0: Ball 1-0: Ball 2-0: Foul Ball, location: 2F 2-1: Ball 3-1: Reached on error, E9 (Line Drive, 9, EV 90.6 MPH)
|
Batting: LHB Mike Hargrove
|
0-0: Foul Ball, location: 2F 0-1: Ball 1-1: Foul Ball, location: 2F 1-2: DOUBLE (Flyball, 89D, EV 105.6 MPH) Tony Fernandez scores
|
Batting: LHB Leon Durham
|
0-0: Ground out 3-1 (Groundball, 34S, EV 76.9 MPH) Mike Hargrove to third
|
Batting: LHB Bobby Murcer
|
0-0: Foul Ball, location: 2F 0-1: Ball 1-1: Foul Ball, location: 2F 1-2: Ball 2-2: 2-RUN HOME RUN (Flyball, 9LD, EV 106.3 MPH), Distance : 344 ft
|
Pitching: RHP Chuck Porter
|
|
Batting: LHB Mike Scioscia
|
0-0: Ball 1-0: Fly out, F8 (Flyball, 78D, EV 97.5 MPH)
|
Bottom of the 6th over - 3 runs, 2 hits, 1 error, 0 left on base; Los Angeles 9 - Atlanta 8 |
TOP OF THE 7TH |
Los Angeles Dodgers batting - Pitching for Atlanta Braves : RHP Rick Sutcliffe
|
Pitching: RHP Charlie Lea
|
|
Now in CF: Gil Flores
|
|
Batting: RHB Billy Sample
|
0-0: Ball 1-0: Foul Ball, location: 2F 1-1: Ball 2-1: Ball 3-1: Ground out 6-3 (Groundball, 6D, EV 101.9 MPH)
|
Batting: RHB Carney Lansford
|
0-0: Ball 1-0: Fly out, F8 (Line Drive, 8LD, EV 92.5 MPH)
|
Batting: RHB Jerry Keller
|
0-0: Ball 1-0: Fly out, F8 (Flyball, 8LM, EV 84.4 MPH)
|
Top of the 7th over - 0 runs, 0 hits, 0 errors, 0 left on base; Los Angeles 9 - Atlanta 8 |
BOTTOM OF THE 7TH |
Atlanta Braves batting - Pitching for Los Angeles Dodgers : RHP Chuck Porter
|
Batting: RHB Craig Kusick
|
0-0: Called Strike 0-1: SOLO HOME RUN (Flyball, 9LD, EV 109.4 MPH), Distance : 348 ft
|
Batting: LHB Joe L Morgan
|
0-0: Ball 1-0: Called Strike 1-1: Ball 2-1: Foul Ball, location: 2F 2-2: Ball 3-2: SOLO HOME RUN (Line Drive, 9D, EV 102.5 MPH), Distance : 383 ft
|
Batting: RHB Tom Veryzer
|
0-0: Ball 1-0: Foul Ball, location: 2F 1-1: Ball 2-1: Foul Ball, location: 2F 2-2: Ground out 4-3 (Groundball, 34, EV 93.8 MPH)
|
Batting: RHB Gil Flores
|
0-0: Called Strike 0-1: Foul Ball, location: 2F 0-2: Ball 1-2: Ground out 5-3 (Groundball, 56, EV 84.4 MPH)
|
Batting: SHB Tony Fernandez
|
0-0: Fly out, F8 (Line Drive, 8LM, EV 88.1 MPH)
|
Bottom of the 7th over - 2 runs, 2 hits, 0 errors, 0 left on base; Los Angeles 9 - Atlanta 10 |
TOP OF THE 8TH |
Los Angeles Dodgers batting - Pitching for Atlanta Braves : RHP Charlie Lea
|
Batting: RHB Dick Davis
|
0-0: Swinging Strike 0-1: Foul Ball, location: 2F 0-2: Ball 1-2: SINGLE (Groundball, 4S, EV 71.3 MPH) (infield hit)
|
Batting: RHB Barry Evans
|
0-0: Ball 1-0: 2-RUN HOME RUN (Flyball, 7LD, EV 91.3 MPH), Distance : 357 ft
|
Batting: LHB Darren Daulton
|
0-0: Ball 1-0: Ball 2-0: Ball 3-0: Called Strike 3-1: SINGLE (Groundball, 5D, EV 106.9 MPH)
|
Batting: SHB Spike Owen
|
0-0: Called Strike Darren Daulton steals 2nd base (no throw) 0-1: Ball 1-1: Ball 2-1: Ball 3-1: Ground out 5-3 (Groundball, 5L, EV 105.0 MPH)
|
Batting: RHB Roberto Reyes
|
0-0: Ball Darren Daulton steals 3rd base (no throw) 1-0: SINGLE (Line Drive, 8RM, EV 93.1 MPH) Darren Daulton scores
|
Pinch Hitting: LHB Ronald Jackson
|
0-0: Ball 1-0: Ball Roberto Reyes is caught stealing 2nd base 2-6 2-0: Foul Ball, location: 2F 2-1: Swinging Strike 2-2: Fly out, F9 (Flyball, 9S, EV 89.4 MPH)
|
Top of the 8th over - 3 runs, 4 hits, 0 errors, 0 left on base; Los Angeles 12 - Atlanta 10 |
BOTTOM OF THE 8TH |
Atlanta Braves batting - Pitching for Los Angeles Dodgers : RHP Chuck Porter
|
Pitching: RHP Steve Foucault
|
|
Batting: LHB Mike Hargrove
|
0-0: Ball 1-0: Called Strike 1-1: Swinging Strike 1-2: Foul Ball, location: 2F 1-2: Strikes out swinging
|
Batting: LHB Leon Durham
|
0-0: SINGLE (Flyball, 6MD, EV 83.8 MPH)
|
Pinch Hitting: LHB Brett Butler
|
0-0: Called Strike 0-1: Ball Wild Pitch! Leon Durham to second 1-1: Ball 2-1: DOUBLE (Line Drive, 7LS, EV 95.0 MPH) Leon Durham scores
|
Batting: LHB Mike Scioscia
|
0-0: Called Strike 0-1: Called Strike 0-2: Foul Ball, location: 2F 0-2: Ball 1-2: Ball 2-2: Ball 3-2: Ground out 4-3 (Groundball, 34, EV 89.4 MPH) Brett Butler to third
|
Batting: RHB Craig Kusick
|
0-0: Fly out, F8 (Flyball, 8LS, EV 81.9 MPH)
|
Bottom of the 8th over - 1 run, 2 hits, 0 errors, 1 left on base; Los Angeles 12 - Atlanta 11 |
TOP OF THE 9TH |
Los Angeles Dodgers batting - Pitching for Atlanta Braves : RHP Charlie Lea
|
Pitching: LHP Scott McGregor
|
|
Batting: RHB Billy Sample
|
0-0: Ball 1-0: Fly out, F7 (Flyball, 7D, EV 91.3 MPH)
|
Batting: RHB Carney Lansford
|
0-0: Called Strike 0-1: Foul Ball, location: 2F 0-2: Ball 1-2: Fly out, F8 (Flyball, 8LS, EV 71.3 MPH)
|
Batting: RHB Jerry Keller
|
0-0: Fly out, F9 (Flyball, 89D, EV 100.0 MPH)
|
Top of the 9th over - 0 runs, 0 hits, 0 errors, 0 left on base; Los Angeles 12 - Atlanta 11 |
BOTTOM OF THE 9TH |
Atlanta Braves batting - Pitching for Los Angeles Dodgers : RHP Steve Foucault
|
Now at 1B: Chris W Smith
|
|
Now at 2B: Damaso Garcia
|
|
Batting: LHB Joe L Morgan
|
0-0: Ball 1-0: Swinging Strike 1-1: Fly out, F9 (Flyball, 89M, EV 82.5 MPH)
|
Pinch Hitting: RHB John Freitas
|
0-0: Called Strike 0-1: Called Strike 0-2: SINGLE (Line Drive, 7S, EV 94.4 MPH)
|
Batting: RHB Gil Flores
|
0-0: Foul Ball, location: 2F 0-1: Swinging Strike 0-2: Ball 1-2: Strikes out swinging
|
Batting: SHB Tony Fernandez
|
0-0: SINGLE (Line Drive, 8LS, EV 93.8 MPH) John Freitas to second Runner from 2nd tries for 3rd, SAFE, no throw by CF
|
Batting: LHB Mike Hargrove
|
0-0: Called Strike 0-1: Foul Ball, location: 2F 0-2: Fly out, F6 (Popup, 6MD, EV 57.5 MPH)
|
Bottom of the 9th over - 0 runs, 2 hits, 0 errors, 2 left on base; Los Angeles 12 - Atlanta 11 |
|